 Dungeon Crawl Stone Soup version 0.25-a0-178-gc9f82b1288 (webtiles) character file.

Game seed: 12619759457551390637, levelgen mode: deterministic

161 Arum the Slasher (level 5, -1/32 HPs)
             Began as a Tengu Gladiator on Nov 26, 2019.
             Slain by a sky beast (6 damage)
             ... on level 3 of the Dungeon.
             The game lasted 00:02:54 (2234 turns).

Arum the Slasher (Tengu Gladiator)                  Turns: 2234, Time: 00:02:55

Health: -1/32      AC:  5    Str: 16    XL:     5   Next: 42%
Magic:  6/6        EV: 15    Int:  8    God:
Gold:   113        SH:  0    Dex: 15    Spells: 4/4 levels left

rFire    . . .     SeeInvis .   a - +0 long sword
rCold    . . .     Gourm    .   (no shield)
rNeg     . . .     Faith    .   g - +0 ring mail
rPois    .         Spirit   .   c - +0 hat
rElec    .         Reflect  .   (no cloak)
rCorr    .         Harm     .   (no gloves)
MR       .....                  (boots unavailable)
Stlth    +.........             (no amulet)
HPRegen  0.10/turn              (no ring)
MPRegen  0.10/turn              (no ring)

@: flying quickly and evasively, quick
A: beak, talons 3, able to fly
a: Stop Flying


You were on level 3 of the Dungeon.
You were not hungry.

You visited 1 branch of the dungeon, and saw 3 of its levels.

You collected 113 gold pieces.

Inventory:

Hand Weapons
 a - a +0 long sword (weapon)
Missiles
 d - 3 throwing nets
 j - 44 poisoned darts (quivered)
Armour
 c - a +0 hat (worn)
 g - a +0 ring mail (worn)
Jewellery
 k - an uncursed amulet of magic regeneration {unknown}
Wands
 m - a wand of flame (15)
Scrolls
 b - a scroll of amnesia {unknown}
 n - 2 scrolls of teleportation {unknown}
 p - a scroll of noise {unknown}
 s - a scroll of fog
Potions
 e - a potion of flight {unknown}
 h - 2 potions of lignification {unknown}
 i - 2 potions of might {unknown}
 l - a potion of resistance {unknown}
 o - a potion of curing {unknown}
 q - 2 potions of heal wounds
Comestibles
 f - 7 rations
 r - a chunk of flesh


   Skills:
 + Level 3.4 Fighting
 + Level 4.6 Long Blades
 - Level 2.0 Throwing
 + Level 4.6 Dodging


You had 4 spell levels left.
You didn't know any spells.
Your spell library was empty.

Dungeon Overview and Level Annotations

Branches:
Dungeon (3/15)

Altars:
Cheibriados
Elyvilon
Qazlal

Annotations:
D:3 2 transporters, Killmatronix's ghost, amateur KoHu


Innate Abilities, Weirdness & Mutations

You have a beak for a mouth.
You have claws for feet.
You can fly continuously.


Message History

The goblin is heavily wounded.
Something hits you. Something shocks you.
Found a dark potion.
You are too injured to fight recklessly!
You are too injured to fight recklessly!
You are too injured to fight recklessly!
Unknown command.
You miss something. Your kick misses something. The goblin misses you.
You riposte.
You slash the goblin!
You kill the goblin!
Something hits you but does no damage.
You closely miss something. Your peck misses something. Something hits you.
Something shocks you.
* * * LOW HITPOINT WARNING * * *
You closely miss something. You claw something!
Something hits you but does no damage.
You closely miss something. Something hits you.
* * * LOW HITPOINT WARNING * * *
Something shocks you.
You die...

############# #..
..... !.#
#.####.####.####
######.##.....##....#
.....#.#.......#....#
......[#.......#....#
..........._....@...#
.......#รท......#{g..#
.......#.......#....#
.......##.....##....#
.......####.####....+
....................#
.........#...........
............#######)##
.........#..#### ###


You could see a goblin.

Vanquished Creatures
  Natasha (thrice) (D:2)
  2 adders
  A dart slug (D:3)
  6 orcs (D:3)
  7 bats
  2 giant cockroaches
  7 goblins
  5 hobgoblins
  2 jackals (D:3)
  3 quokkas
  2 ball pythons
  3 frilled lizards
  6 kobolds
  13 rats
62 creatures vanquished.

Notes
Turn   | Place    | Note
-------+----------+-------------------------------------------
     0 | D:1      | Arum the Tengu Gladiator began the quest for the Orb.
     0 | D:1      | Reached XP level 1. HP: 12/12 MP: 2/2
   221 | D:1      | Reached XP level 2. HP: 17/17 MP: 3/3
   752 | D:2      | Reached XP level 3. HP: 18/22 MP: 4/4
   837 | D:2      | Noticed Natasha
   845 | D:2      | Killed Natasha
  1213 | D:2      | Reached XP level 4. HP: 25/27 MP: 5/5
  1301 | D:2      | Noticed Natasha
  1308 | D:2      | Killed Natasha
  1561 | D:2      | Noticed Natasha
  1565 | D:2      | Killed Natasha
  1565 | D:2      | Gained mutation: You can fly continuously. [Tengu growth]
  1565 | D:2      | Reached XP level 5. HP: 24/32 MP: 6/6
  2008 | D:3      | Found a snail-covered altar of Cheibriados.
  2008 | D:3      | Found a white marble altar of Elyvilon.
  2095 | D:3      | Noticed Killmatronix's ghost (amateur KoHu)
  2129 | D:3      | Found a transporter.
  2133 | D:3      | Found a transporter.
  2202 | D:3      | Found a stormy altar of Qazlal.
  2225 | D:3      | Noticed a sky beast
  2234 | D:3      | Slain by a sky beast

Levels and vault maps discovered:
D:1:      elethiomel_arrival_diamonds, layout_basic
D:2:      layout_loops_ring, first_ration, uniq_natasha
D:3:      layout_basic, old_standard_altar, amethyst_overflow_temple_binary,
          gammafunk_ghost_arena

Skill      XL: |  1  2  3  4 |
---------------+-------------+-----
Long Blades    | 4 |  4.6
Dodging        | 4 |  4.6
Fighting       | 3 |  3.4
Throwing       | |  2.0

Action                   |  1- 3 |  4- 6 || total
-------------------------+-------+-------++-------
Melee: Long sword        |    46 |    47 ||    93
       Kick              |    16 |    15 ||    31
       Peck              |     6 |    17 ||    23
Throw: Dart              |       |     4 ||     4
 Abil: Fly               |       |     1 ||     1
  Use: Scroll            |       |     2 ||     2
       Potion            |       |     1 ||     1
 Stab: Sleeping          |     1 |       ||     1
  Eat: Chunk             |     1 |     3 ||     4
Armor: Leather armour    |    10 |     1 ||    11
       Ring mail         |       |     9 ||     9
Dodge: Dodged            |    32 |    42 ||    74
       Rpst.: Long sword |    11 |    15 ||    26

Table legend:
 A = Non-vault XP
 B = Vault XP
 C = Vault XP percentage of total XP
 D = Non-vault monster count
 E = Vault monster count
 F = Vault count percentage of total count
                 A         B        C        D         E       F
            +---------+---------+-------+---------+---------+-------
      Total |     185 |      45 |  19.6 |      54 |       8 |  12.9
            +---------+---------+-------+---------+---------+-------
        D:1 |      22 |       9 |  29.0 |      17 |       7 |  29.2
        D:2 |     109 |      36 |  24.8 |      17 |       1 |   5.6
        D:3 |      54 |       0 |   0.0 |      20 |       0 |   0.0
            +---------+---------+-------+---------+---------+-------
